 Dungeon Crawl Stone Soup version 0.14-a0-987-gc8002fa (webtiles) character file.

288 4tharraofdagon the Slasher (level 6, -1/41 HPs)
             Began as a Halfling Abyssal Knight on Nov 21, 2013.
             Was a Priest of Lugonu.
             Slain by a giant gecko (4 damage)
             ... on Level 3 of the Dungeon.
             The game lasted 00:06:06 (1117 turns).

4tharraofdagon the Slasher (HaAK)                   Turns: 1117, Time: 00:06:06

HP  -1/41        AC  7     Str 11      XL: 6   Next: 12%
MP   8/8         EV  9     Int 12      God: Lugonu [***...]
Gold 78          SH  0     Dex 16      Spells:  0 memorised,  5 levels left

Res.Fire  : . . .   See Invis. : .   a - +2 falchion
Res.Cold  : . . .   Warding    : .   e - +0 scale mail
Life Prot.: . . .   Conserve   : .   (no shield)
Res.Poison: .       Res.Corr.  : .   (no helmet)
Res.Elec. : .       Clarity    : .   (no cloak)
Sust.Abil.: + .     Spirit.Shd : .   n - +0 pair of gauntlets
Res.Mut.  : .       Stasis     : .   (no boots)
Res.Rott. : .       Flight     : .   (no amulet)
Saprovore : . . .                    (no ring)
                                     t - ring of sustain abilities {unknown}

@: slightly resistant to hostile enchantments, extremely unstealthy
A: mutation resistance 1, slow metabolism 1
a: Depart the Abyss, Bend Space, Banish, Renounce Religion


You were on level 3 of the Dungeon.
You worshipped Lugonu.
Lugonu was most pleased with you.
You were not hungry.

You visited 1 branch of the dungeon, and saw 3 of its levels.
You visited the Abyss 1 time.

You collected 78 gold pieces.

Inventory:

Hand weapons
 a - a +2,+2 falchion (weapon)
Armour
 b - a +0 leather armour
 e - a +0 scale mail (worn)
 n - a +0 pair of gauntlets (worn)
Comestibles
 c - 2 bread rations
 i - a pear
 o - a chunk of adder flesh
 v - a meat ration
Scrolls
 d - a scroll of random uselessness {unknown}
 g - a scroll of amnesia {unknown}
 k - 2 scrolls of enchant weapon I {unknown}
 l - 2 scrolls of remove curse {unknown}
 m - 2 scrolls of identify {unknown}
 p - a scroll of fear {unknown}
 r - 2 scrolls of teleportation {unknown}
 u - a scroll of noise {unknown}
Jewellery
 t - a ring of sustain abilities (left hand) {unknown}
Potions
 f - a potion of brilliance
 h - 2 potions of curing
 j - a potion of blood
 q - a potion of beneficial mutation {unknown}
 s - a potion of speed {unknown}


   Skills:
 + Level 3.4 Fighting
 * Level 4.1 Long Blades
 + Level 1.9 Armour
 + Level 3.9 Dodging
 - Level 2.0 Invocations


You had 5 spell levels left.
You didn't know any spells.

Dungeon Overview and Level Annotations

Branches:
Dungeon (3/16)

Altars:
Makhleb


Innate Abilities, Weirdness & Mutations

You are small and have problems with some larger weapons.
You are somewhat resistant to further mutation.
You have a slow metabolism.


Message History

The rat corpse is consumed by the void.
Lugonu is most pleased with you.
A giant gecko comes into view.
You closely miss the giant gecko. The giant gecko bites you.
* * * LOW HITPOINT WARNING * * *
You closely miss the giant gecko. The giant gecko bites you.
* * * LOW HITPOINT WARNING * * *
The giant gecko bites you but does no damage.
You hit the giant gecko.
The giant gecko is moderately wounded.
The giant gecko bites you but does no damage.
You hit the giant gecko.
The giant gecko is severely wounded.
The giant gecko bites you.
* * * LOW HITPOINT WARNING * * *
You miss the giant gecko.
The giant gecko is severely wounded.
The giant gecko bites you but does no damage.
The giant gecko bites you.
You die...

# # ##. . .. #.
#.# # #. ..##
#.##.. ..#####
#.....###.....#
#..l#..###.###
#.@........#
###
########.#.#
... #.# #.# #.#
# #.# #.#.# #.#
.########.#.#
#.#
..............#
#.#
....)..####.###
#.# #.## #.#


You could see a giant gecko.

Vanquished Creatures
  A centaur (D:3)
  A hound (D:2)
  4 adders
  A giant mite (D:3)
  2 giant geckos
  4 bats
  A giant cockroach (D:2)
  7 hobgoblins
  4 jackals
  6 kobolds
  2 giant newts
  10 goblins
  8 rats
51 creatures vanquished.

Notes
Turn   | Place    | Note
--------------------------------------------------------------
     0 | Abyss:1  | 4tharraofdagon, the Halfling Abyssal Knight, began the quest for the Orb.
     0 | Abyss:1  | Reached XP level 1. HP: 14/14 MP: 1/1
    49 | Abyss:1  | Noticed a small abomination
    54 | Abyss:1  | Noticed a wretched star
    56 | D:1      | Escaped the Abyss
    84 | D:1      | Acquired Lugonu's first power
   132 | D:1      | Reached skill level 1 in Armour
   142 | D:1      | Reached XP level 2. HP: 16/19 MP: 2/2
   285 | D:2      | Reached XP level 3. HP: 23/25 MP: 4/4
   559 | D:3      | Reached skill level 3 in Long Blades
   598 | D:3      | Acquired Lugonu's second power
   666 | D:2      | Found a burning altar of Makhleb.
   680 | D:2      | Reached XP level 4. HP: 9/30 MP: 5/5
   980 | D:2      | Reached XP level 5. HP: 25/35 MP: 6/6
  1010 | D:3      | Noticed a centaur
  1029 | D:3      | Killed a centaur
  1034 | D:3      | Reached skill level 4 in Long Blades
  1034 | D:3      | Reached XP level 6. HP: 13/41 MP: 8/8
  1107 | D:3      | Acquired Lugonu's third power
  1117 | D:3      | Slain by a giant gecko

Action                   |  1- 3 |  4- 6 || total
-------------------------+-------+-------++-------
Melee: Falchion          |    97 |    93 ||   190
Invok: Depart the Abyss  |     1 |       ||     1
  Use: Potion            |       |     4 ||     4
